AoeStats
← scottysimo

Migration

508960580Analyzed
1v1 RM · 6d ago on Sep 24, 2026· 37m 55s· 2 players
Game mode
Random Map
Map size
132×132
Population
200
Speed
Normal
Resources
Standard
Victory
Conquest
Starting age
Dark Age
Ending age
Imperial Age
RankedLock teamsTeams togetherTeam positionsShared explorationLock speedFull tech treeHidden civsTurbo modeCheats
Victory
Defeat
🇮🇹 Japanese · Italy
911
+15
🇬🇧 Koreans · United Kingdom
899
-15
scottysimo
13:37 Feudal Age
14:20 Loom
15:10 Wheelbarrow
20:52 Castle Age
18:38 Town Watch
19:01 Double-Bit Axe
22:28 Hand Cart
22:49 Town Patrol
23:55 Bow Saw
32:51 Ballistics
35:13 Imperial Age
37:17 Chemistry
36:23 Siege Engineers
Tussl80
10:08 Loom
12:37 Feudal Age
13:50 Double-Bit Axe
13:59 Fishing Lines
16:58 Castle Age
18:54 Bow Saw
21:48 Gillnets
25:47 Gold Mining
26:31 Scale Mail Armor
26:43 Forging
33:42 Imperial Age
33:45 Medium Warships
35:35 Chemistry
34:56 Ballistics
34:47 Masonry
35:13 Heavy Warships
35:28 Careening
35:31 Clinker Construction
35:07 Capped Ram
Connection lost

Rejoining the realm…

Still unreachable

The connection could not be restored.

Session expired

The server has moved on; the page needs a fresh start.